 Dungeon Crawl Stone Soup version 0.20-a0-854-g0cc194a (console) character file.

584 nht the Cleaver (level 7, 0/57 HPs)
             Began as a Hill Orc Monk on Mar 11, 2017.
             Was a Follower of Fedhas.
             Slain by a sky beast (5 damage)
             ... on level 4 of the Dungeon.
             The game lasted 00:11:37 (3411 turns).

nht the Cleaver (Hill Orc Monk)                     Turns: 3411, Time: 00:11:39

Health: 0/57       AC:  3    Str: 16    XL:     7   Next: 37%
Magic:  10/10      EV: 13    Int: 14    God:    Fedhas [*.....]
Gold:   129        SH:  0    Dex: 13    Spells: 6/6 levels left

rFire    . . .     SeeInvis +   a - +1 hand axe
rCold    . . .     Gourm    .   b - +1 robe
rNeg     . . .     Faith    .   (no shield)
rPois    .         Spirit   .   (no helmet)
rElec    .         Reflect  .   (no cloak)
rCorr    .         Harm     .   (no gloves)
MR       .....                  (no boots)
Stlth    ++........             (no amulet)
Regen    0.2/turn               h - ring of see invisible
MPRegen  0.2/turn               f - +4 ring of intelligence

@: very slightly contaminated, hasted (expiring), very quick
A: no striking features
a: Fungal Bloom, Evolution, Renounce Religion


You were on level 4 of the Dungeon.
You worshipped Fedhas.
Fedhas was aware of your devotion.
You were very hungry.

You visited 1 branch of the dungeon, and saw 5 of its levels.

You collected 129 gold pieces.

Inventory:

Hand Weapons
 a - a +1 hand axe (weapon)
Missiles
 e - 2 javelins (quivered)
Armour
 b - a +1 robe (worn)
Jewellery
 f - a +4 ring of intelligence (left hand)
 h - a ring of see invisible (right hand)
 j - an uncursed ring of flight
Scrolls
 g - a scroll of amnesia
 i - 6 scrolls of remove curse
 o - a scroll of fear
 p - a scroll of identify
Potions
 k - a potion of flight
Comestibles
 c - 2 bread rations
 l - 5 fruits


   Skills:
 - Level 3.6 Fighting
 + Level 9.4 Axes
 - Level 2.4 Dodging
 - Level 1.5 Stealth
 - Level 5.0 Invocations


You had 6 spell levels left.
You didn't know any spells.

Dungeon Overview and Level Annotations

Branches:
Dungeon (5/15)
 Temple: D:4-7

Altars:
Elyvilon
Fedhas
Nemelex Xobeh
Trog


Message History

You hit the sky beast.
The sky beast is heavily wounded.
You feel better.
Your extra speed is starting to run out.
The sky beast closely misses you.
You closely miss the sky beast.
The sky beast is heavily wounded.
You hit the sky beast.
The sky beast is severely wounded.
The sky beast hits you.
* * * LOW HITPOINT WARNING * * *
The sky beast shocks you.
* * * LOW HITPOINT WARNING * * *
You hit the sky beast.
The sky beast is severely wounded.
The sky beast hits you.
* * * LOW HITPOINT WARNING * * *
The sky beast shocks you.
You die...
Fedhas appreciates your contribution to the ecosystem.

.███...█ █.█.█............██
.......████████.....███████.████
....█..█........█████ █.█
.██.█...........█ █.█
.>.......█.█.█..█ █.█
.█████.███.█.█..█ █.█
.████........█..██ ..█
.......███......>█████ ...
█████.██ █.█.█.█@█.█.█.█.█.█.
███.████......Y.........
█.....██.█.█.█.█(█.█.█.
█.....██..........$..>.)
█.....██.█.█.█.█.█.█o█O█
█.....██.............
███.....████.█.█.█.█.█.█
..███████ █.............. █.█
██.█.█.█.█ █.█.█


You could see a sky beast.

Vanquished Creatures
  A sky beast (D:5)
  An ice beast (D:5)
  2 ogres (D:4)
  A crimson imp (D:5)
  Natasha (D:2)
  Terence (D:2)
  A worker ant (D:4)
  A mummy (D:4)
  3 adders
  An ooze (D:4)
  3 worms
  A dart slug (D:1)
  3 leopard geckos
  An orc (D:4)
  A giant cockroach (D:2)
  5 goblins
  9 hobgoblins
  3 jackals (D:1)
  5 kobolds
  A quokka (D:3)
  5 bats
  5 frilled lizards
  12 rats
67 creatures vanquished.

Vanquished Creatures (others)
  A wizard (D:3)
  A hobgoblin (D:2)
  5 toadstools (D:2)
7 creatures vanquished.

Grand Total: 74 creatures vanquished

Notes
Turn   | Place    | Note
-------+----------+-------------------------------------------
     0 | D:1      | nht the Hill Orc Monk began the quest for the Orb.
     0 | D:1      | Reached XP level 1. HP: 19/19 MP: 1/1
   258 | D:1      | Reached XP level 2. HP: 22/26 MP: 2/2
   356 | D:1      | Reached skill level 5 in Axes
   435 | D:1      | Reached XP level 3. HP: 11/31 MP: 3/3
  1052 | D:2      | Noticed Natasha
  1066 | D:2      | Killed Natasha
  1066 | D:2      | Reached skill level 6 in Axes
  1066 | D:2      | Reached XP level 4. HP: 18/39 MP: 4/4
  1078 | D:2      | Noticed Natasha
  1080 | D:2      | Noticed Terence
  1253 | D:3      | Found a bloodstained altar of Trog.
  1256 | D:3      | Noticed a wizard
  1262 | D:3      | Killed a wizard
  1308 | D:4      | Found a sparkling altar of Nemelex Xobeh.
  1308 | D:4      | Noticed an ogre
  1457 | D:4      | Found a white marble altar of Elyvilon.
  1469 | D:4      | Became a worshipper of Elyvilon the Healer
  1469 | D:4      | Reached * piety under Elyvilon
  1469 | D:4      | Reached ** piety under Elyvilon
  1712 | D:4      | Reached skill level 1 in Invocations
  1739 | D:4      | Noticed a sky beast
  1997 | D:4      | Reached XP level 5. HP: 22/45 MP: 6/6
  2180 | D:2      | Pacified Natasha
  2250 | D:2      | Killed Terence
  2356 | D:2      | Found a faded altar of an unknown god.
  2362 | D:2      | Fell from the grace of Elyvilon
  2362 | D:2      | Became a worshipper of Fedhas Madash
  2362 | D:2      | Reached * piety under Fedhas
  2371 | D:2      | HP: 2/45 [worm (11)]
  3252 | D:4      | Killed an ogre
  3252 | D:4      | Reached skill level 7 in Axes
  3252 | D:4      | Reached skill level 5 in Invocations
  3252 | D:4      | Reached XP level 6. HP: 51/51 MP: 9/9
  3317 | D:5      | Entered Level 5 of the Dungeon
  3319 | D:5      | Noticed a sky beast
  3335 | D:5      | Killed a sky beast
  3335 | D:5      | Reached skill level 8 in Axes
  3338 | D:5      | Noticed an ice beast
  3365 | D:5      | Killed an ice beast
  3365 | D:5      | Reached XP level 7. HP: 35/57 MP: 10/10
  3371 | D:5      | Reached skill level 9 in Axes
  3411 | D:4      | Slain by a sky beast

Vault maps used:
D:1:      dpeg_cavernosity
D:2:      chequers_ecumenical_altar_simple, uniq_terence, uniq_natasha
D:3:      trog_wizard
D:4:      lemuel_round_altar, gup_ossuary_entry_pyramid, minivault_27,
          st_stairs_11, nemelex_xobeh_ov_fountains_minmay
D:5:      minmay_temple_entry_nine_rooms, first_bread, uniq_duvessa,
          uniq_blork_the_orc, uniq_pikel

Skill      XL: |  1  2  3  4  5  6  7 |
---------------+----------------------+-----
Axes           | 5 6 7 8 9 |  9.4
Invocations    | 2 5 |  5.0
Fighting       | |  3.6
Dodging        | |  2.4
Stealth        | |  1.5

Action                   |  1- 3 |  4- 6 |  7- 9 || total
-------------------------+-------+-------+-------++-------
Melee: Hand axe          |    89 |   192 |    30 ||   311
Throw: Javelin           |       |     2 |       ||     2
Invok: Heal Other        |       |    10 |       ||    10
       Fungal Bloom      |       |     3 |       ||     3
  Use: Potion            |     2 |     2 |     1 ||     5
       Scroll            |       |     8 |       ||     8
 Stab: Sleeping          |     3 |     4 |       ||     7
       Distracted        |       |     1 |       ||     1
  Eat: Chunk             |       |    11 |       ||    11
Armor: Robe              |    20 |    27 |       ||    47
Dodge: Dodged            |    66 |   122 |     8 ||   196
